 Dungeon Crawl Stone Soup version 0.31-a0-200-gbc41564c69 (webtiles) character file.

Game seed: 6478312653574571060

459 qw the Skirmisher (level 6, -1/29 (35) HPs)
             Began as a Deep Elf Hunter on June 25, 2023.
             Slain by Edmund
             ... wielding a +3 dire flail of draining
              (4 damage)
             ... on level 4 of the Dungeon.
             The game lasted 00:00:58 (2871 turns).

qw the Skirmisher (Deep Elf Hunter)                 Turns: 2871, Time: 00:00:59

HP:   -1/29 (35)    AC:  7    Str: 10    XL:     6   Next: 78%
MP:   8/8           EV: 11    Int: 14    God:
Gold: 162           SH:  0    Dex: 18    Spells: 5/5 levels left

rFire   . . .        c - +2 sling (heavy)
rCold   . . .        (no shield)
rNeg    . . .        a - +2 ring mail
rPois   .            (no helmet)
rElec   .            (no cloak)
rCorr   .            (no gloves)
SInv    .            (no boots)
Will    .....        (no amulet)
Stlth   +            (no ring)
HPRegen 0.24/turn    (no ring)
MPRegen 0.11/turn

%: no passive effects
@: heavily drained
A: no striking features
a: no special abilities


You were on level 4 of the Dungeon.
You visited 1 branch of the dungeon, and saw 4 of its levels.

You collected 182 gold pieces.
You spent 20 gold pieces at shops.


   Skills:
 - Level 2.1 Fighting
 + Level 10.1 Ranged Weapons
 - Level 3.3 Dodging
 - Level 1.2 Stealth


You had 5 spell levels left.
You didn't know any spells.
Your spell library was empty.

Inventory:

Hand Weapons
 c - a +2 heavy sling (weapon)
Armour
 a - a +2 ring mail (worn)
 b - a +0 pair of boots
Scrolls
 h - a scroll of identify
Potions
 d - 2 potions of curing {unknown}
 f - a potion of might {unknown}

Dungeon Overview and Level Annotations

Branches:
Dungeon (4/15)
 Temple: D:4-7

Altars:
Qazlal
Sif Muna

Shops:
D:1 ?

Annotations:
D:4 Edmund


Message History

Enter note:
Enter note:
Enter note:
Enter note:
Enter note: You shoot a sling bullet.
The sling bullet barely misses Edmund.
You shoot a sling bullet. The sling bullet hits Edmund.
Edmund is lightly wounded.
You shoot a sling bullet. The sling bullet hits Edmund.
Edmund is lightly wounded.
An endoplasm comes into view.
You shoot a sling bullet. The endoplasm quivers.
The sling bullet hits Edmund!
Edmund is moderately wounded.
Edmund hits you with a +3 dire flail of draining.
You feel drained.
You shoot a sling bullet. The sling bullet barely misses Edmund.
Edmund completely misses you. Edmund closely misses you.
You shoot a sling bullet. The sling bullet hits Edmund.
Edmund is moderately wounded.
Edmund misses you.
You shoot a sling bullet. The sling bullet hits Edmund.
Edmund is heavily wounded.
The endoplasm barely misses you. Edmund hits you but does no damage.
You feel drained. The endoplasm misses you.
Edmund says, "Everyone always remembers my brother. 'Who's Edmund?' they ask!"
Edmund hits you with a +3 dire flail of draining!
You feel drained.
You shoot a sling bullet. The sling bullet hits Edmund.
Edmund is heavily wounded.
The endoplasm barely misses you.
Edmund hits you with a +3 dire flail of draining.
You feel drained.
You shoot a sling bullet. The sling bullet hits Edmund.
Edmund is heavily wounded.
The endoplasm hits you but does no damage.
Edmund hits you with a +3 dire flail of draining!
You feel drained.
You die...

.......##...#..####......#.##....
..><...# #...#..#....####.....#
.......# #.#.#....#.##.....####
.......##..#...............#
.......## #.#.####...##..#######
.....##...###..####........#
........###.........######..
.#####.......#.....## ###
#+##..@#...[...# #
###@J.......########
##................
+.#......######## #.#.....##
........ #....... .. ...


You could see Edmund and an endoplasm.

Vanquished Creatures
  Duvessa (D:4)
  A scorpion (D:4)
  Dowan (D:4)
  2 jellies
  An orc priest (D:3)
  A hound (D:4)
  Natasha (D:4)
  An iguana (D:3)
  An adder (D:2)
  5 worms
  A dart slug (D:1)
  8 orcs
  4 bats
  5 endoplasms
  3 giant cockroaches
  5 hobgoblins
  2 jackals (D:4)
  4 kobolds
  2 quokkas
  5 ball pythons
  A frilled lizard (D:3)
  4 goblins
  6 rats
65 creatures vanquished.

Notes
Turn   | Place    | Note
-------+----------+-------------------------------------------
     0 | D:1      | qw the Deep Elf Hunter began the quest for the Orb.
     0 | D:1      | Reached XP level 1. HP: 12/12 MP: 3/3
     0 | D:1      | 0 ||| qw: Version: 0.3-a-22-g0ed2b0b
     0 | D:1      | 0 ||| qw: Game counter: 5583
     0 | D:1      | 0 ||| qw: Melee chars always use a shield: true
     0 | D:1      | 0 ||| qw: God list: Okawaru
     0 | D:1      | 0 ||| qw: Allow faded altars: false
     0 | D:1      | 0 ||| qw: Do Orc after clearing Dungeon:15 true
     0 | D:1      | 0 ||| qw: Do second Lair branch before Depths: true
     0 | D:1      | 0 ||| qw: Lair rune preference: random
     0 | D:1      | 0 ||| qw: Goals: Normal
     0 | D:1      | 0 ||| PLANNING D:1-11
    44 | D:1      | Found a faded altar of an unknown god.
   250 | D:1      | Reached skill level 6 in Ranged Weapons
   250 | D:1      | Reached XP level 2. HP: 16/16 MP: 4/4
   510 | D:1      | Found Huen's Magic Scroll Emporium.
   518 | D:1      | 518 ||| SHOPLISTING scroll of brand weapon (95 gold, have
                  | 41).
   518 | D:1      | 518 ||| SHOPLISTING scroll of enchant weapon (75 gold, have
                  | 41).
   518 | D:1      | 518 ||| BUYING scroll of identify (20 gold).
   518 | D:1      | Bought a scroll of identify for 20 gold pieces
   518 | D:1      | 518 ||| SHOPLISTING scroll of teleportation (30 gold, have
                  | 21).
   800 | D:1      | 800 ||| READING scroll labelled LEOXAV SIDUTHRO.
   801 | D:1      | 801 ||| DROPPING scroll of butterflies.
  1174 | D:2      | Reached XP level 3. HP: 19/20 MP: 5/5
  1424 | D:2      | Reached skill level 7 in Ranged Weapons
  1425 | D:2      | Reached XP level 4. HP: 25/25 MP: 6/6
  1429 | D:2      | Identified the +6 dagger of Gophat {elec, Int+2 Dex+6}
  1687 | D:2      | 1687 ||| UPGRADING to +0 scale mail.
  1697 | D:2      | 1697 ||| DROPPING +0 leather armour.
  1698 | D:2      | 1698 ||| READING scroll labelled GIFI TAASUE.
  1699 | D:2      | 1699 ||| READING 2 scrolls labelled UKKEZ QENAC.
  1700 | D:2      | 1700 ||| DRINKING 2 gluggy clear potions.
  1701 | D:2      | 1701 ||| READING 2 scrolls of identify.
  1701 | D:2      | 1701 ||| IDENTIFYING murky orange potion
  1702 | D:2      | 1702 ||| DROPPING potion of lignification.
  1703 | D:2      | 1703 ||| DROPPING potion of brilliance.
  1725 | D:3      | 1725 ||| STAIRDANCE
  1783 | D:2      | 1783 ||| UPGRADING to +0 ring mail.
  1793 | D:2      | 1793 ||| DROPPING +0 scale mail.
  1794 | D:2      | 1794 ||| READING scroll of enchant armour.
  1794 | D:2      | 1794 ||| ENCHANTING +0 ring mail.
  1805 | D:3      | 1805 ||| STAIRDANCE
  1871 | D:3      | Reached skill level 8 in Ranged Weapons
  2087 | D:3      | 2087 ||| READING scroll of enchant armour.
  2087 | D:3      | 2087 ||| ENCHANTING +1 ring mail.
  2216 | D:3      | 2216 ||| SWAPPING to +2 heavy sling.
  2217 | D:3      | 2217 ||| DROPPING +0 shortbow.
  2467 | D:3      | 2467 ||| READING scroll labelled RITUAF JETE.
  2468 | D:3      | 2468 ||| READING 2 scrolls of identify.
  2468 | D:3      | 2468 ||| IDENTIFYING black potion
  2489 | D:4      | 2489 ||| STAIRDANCE
  2492 | D:3      | Reached XP level 5. HP: 20/29 MP: 7/7
  2531 | D:4      | Found a shimmering blue altar of Sif Muna.
  2537 | D:4      | Noticed Dowan
  2541 | D:4      | Noticed Duvessa
  2555 | D:4      | Killed Duvessa
  2555 | D:4      | HP: 7/29 [endoplasm (2)]
  2556 | D:4      | Reached skill level 9 in Ranged Weapons
  2556 | D:4      | 2556 ||| DRINKING potion of heal wounds.
  2560 | D:4      | Killed Dowan
  2561 | D:4      | Reached XP level 6. HP: 22/35 MP: 8/8
  2754 | D:4      | Reached skill level 10 in Ranged Weapons
  2765 | D:4      | Reached skill level 3 in Dodging
  2780 | D:4      | Noticed an air elemental
  2782 | D:4      | Found a stormy altar of Qazlal.
  2786 | D:4      | Noticed a water elemental
  2786 | D:4      | Noticed a fire elemental
  2802 | D:4      | Noticed Natasha
  2804 | D:4      | Killed Natasha
  2858 | D:4      | Noticed Edmund
  2871 | D:4      | HP: 3/31 [Edmund/+3 dire flail of draining (12)]
  2871 | D:4      | Slain by Edmund

Levels and vault maps discovered:
D:1:      erik_arrival_orb_chamber, layout_basic,
          dreamdust_ecumenical_altar_statues, serial_shops, shop,
          kennysheep_minor_cross
D:2:      minmay_door_path, layout_loops_ring, roderic_roman_lattice,
          chequers_serial_rivers_micro_a
D:3:      layout_loops_ring
D:4:      minmay_spotlight, layout_rooms, nicolae_qazlal_style_of_elements,
          mainiacjoe_overflow_chevrons, minmay_divided_ellipse, uniq_edmund,
          uniq_duvessa, uniq_natasha

Skill      XL: |  1  2  3  4  5  6 |
---------------+-------------------+-----
Ranged Weapons | 6 7 8 9 10 | 10.1
Fighting       | 2 |  2.1
Dodging        | 3 |  3.3
Stealth        | |  1.2

Action                     |  1- 3 |  4- 6 || total
---------------------------+-------+-------++-------
   Fire: Shortbow          |    69 |    75 ||   144
         Sling             |       |    77 ||    77
    Use: Scroll            |     1 |     7 ||     8
         Potion            |       |     2 ||     2
 Armour: Leather armour    |     4 |       ||     4
         Scale mail        |       |    12 ||    12
         Ring mail         |       |    26 ||    26
  Dodge: Dodged            |    15 |    55 ||    70

Table legend:
 A = Non-vault XP
 B = Vault XP
 C = Vault XP percentage of total XP
 D = Non-vault monster count
 E = Vault monster count
 F = Vault count percentage of total count
                 A         B        C        D         E       F
            +---------+---------+-------+---------+---------+-------
      Total |     364 |     292 |  44.5 |      59 |       6 |   9.2
            +---------+---------+-------+---------+---------+-------
        D:1 |      21 |       0 |   0.0 |      12 |       0 |   0.0
        D:2 |      56 |      49 |  46.7 |      20 |       3 |  13.0
        D:3 |     102 |       0 |   0.0 |      13 |       0 |   0.0
        D:4 |     185 |     243 |  56.8 |      14 |       3 |  17.6
            +---------+---------+-------+---------+---------+-------
